 Dungeon Crawl Stone Soup version 0.23-a0-703-gdf2d5e0 (webtiles) character file.

853 JeffiDaFish the Skirmisher (level 8, -1/52 HPs)
             Began as a Gargoyle Fighter on Jan 14, 2019.
             Slain by a slave (5 damage)
             ... led by Pikel
             ... on level 5 of the Dungeon.
             The game lasted 00:07:12 (3569 turns).

JeffiDaFish the Skirmisher (Gargoyle Fighter)       Turns: 3569, Time: 00:07:13

Health: -1/52      AC: 17    Str: 27    XL:     8   Next: 1%
Magic:  8/8        EV:  8    Int:  9    God:
Gold:   287        SH: 10    Dex:  9    Spells: 7/7 levels left

rFire    . . .     SeeInvis .   a - +0 flail
rCold    . . .     Gourm    .   c - +0 shield
rNeg     + . .     Faith    .   b - +0 scale mail
rPois    ∞         Spirit   .   (no helmet)
rElec    +         Reflect  .   e - +0 cloak
rCorr    .         Harm     .   h - +2 pair of gloves
MR       .....                  (no boots)
Stlth    ..........             (no amulet)
HPRegen  0.17/turn              (no ring)
MPRegen  0.11/turn              (no ring)

@: mighty
A: negative energy resistance 1, electricity resistance, unbreathing,
petrification resistance, rot immunity, AC +5
a: no special abilities


You were on level 5 of the Dungeon.
You were not hungry.

You visited 1 branch of the dungeon, and saw 5 of its levels.

You collected 287 gold pieces.

Inventory:

Hand Weapons
 a - a +0 flail (weapon)
Armour
 b - a +0 scale mail (worn)
 c - a +0 shield (worn)
 e - a +0 cloak (worn)
 h - a +2 pair of gloves (worn)
 k - a +1 pair of gloves of archery
Wands
 o - a wand of iceblast (7)
Scrolls
 m - 3 scrolls of identify
 n - a scroll of remove curse
Potions
 d - a potion of might
 i - 3 potions of haste
 j - 2 potions of brilliance
 l - a potion of flight
Comestibles
 f - 5 rations
 p - 3 chunks of flesh


   Skills:
 * Level 6.4 Fighting
 * Level 5.4 Maces & Flails
 + Level 5.0 Armour
 + Level 5.0 Shields


You had 7 spell levels left.
You didn't know any spells.
Your spell library was empty.

Dungeon Overview and Level Annotations

Branches:
Dungeon (5/15)
 Temple: D:4-7

Altars:
Dithmenos
Makhleb

Annotations:
D:5 Pikel


Innate Abilities, Weirdness & Mutations

You are resistant to torment.
Your stone body is resilient. (AC +5)
You are immune to poison.
You resist negative energy. (rN+)
You are resistant to electric shocks. (rElec)
You can survive without breathing.
You are immune to petrification.
You are immune to rotting.


Message History

You block the slave's attack. The slave hits you but does no damage.
You block the slave's attack. x2; Pikel hits you but does no damage.
You barely miss Pikel.
Pikel is almost dead.
The hound bites you.
* * * LOW HITPOINT WARNING * * *
The slave hits you but does no damage. x2; The slave barely misses you.
The hound bites you but does no damage. The slave closely misses you.
Pikel hits you but does no damage.
You closely miss Pikel.
Pikel is almost dead.
The hound closely misses you.
The slave hits you but does no damage. x2
The slave barely misses you. The slave hits you but does no damage.
Pikel hits you with a +1 whip of flaming.
* * * LOW HITPOINT WARNING * * *
Pikel burns you.
* * * LOW HITPOINT WARNING * * *
You block the hound's attack. The slave hits you but does no damage.
The slave hits you.
You die...

..... ..## ....
#!. #...# #..(
.. ....####...
. #...#.#..## #
#....[.?.## #
..##....)p...#
.......h@pO.##.
.#.$..ppK......
#....##.......
....... ...##..
###. ...##.#
..## ...####[..
.. .. #.#
.........# .
.#. ##
.......... ...
.......... .. .
#.........


You could see Pikel, an ogre, 4 slaves and a hound.

Vanquished Creatures
  Sigmund (D:5)
  A phantom (D:5)
  A sky beast (D:5)
  A centaur (D:5)
  A scorpion (D:4)
  A hound (D:5)
  3 orc priests
  An orc wizard (D:4)
  Ijyb (D:4)
  A worker ant zombie (D:5)
  3 gnolls (D:2)
  9 adders
  2 oozes (D:4)
  2 worms
  2 leopard geckos
  5 orcs
  4 giant cockroaches
  12 goblins
  10 hobgoblins
  3 jackals
  6 kobolds
  2 quokkas
  A ball python (D:4)
  6 bats
  4 frilled lizards
  8 rats
91 creatures vanquished.

Notes
Turn   | Place    | Note
-------+----------+-------------------------------------------
     0 | D:1      | JeffiDaFish the Gargoyle Fighter began the quest for the
                  | Orb.
     0 | D:1      | Reached XP level 1. HP: 14/14 MP: 1/1
   158 | D:1      | Reached XP level 2. HP: 19/19 MP: 2/2
   350 | D:1      | Reached XP level 3. HP: 9/24 MP: 3/3
  1138 | D:2      | Reached skill level 4 in Fighting
  1150 | D:2      | Reached XP level 4. HP: 16/29 MP: 4/4
  1291 | D:2      | Found a shadowy altar of Dithmenos.
  1840 | D:3      | Reached XP level 5. HP: 34/34 MP: 5/5
  2095 | D:3      | Found a burning altar of Makhleb.
  2095 | D:3      | Noticed a cacodemon
  2100 | D:3      | Noticed a neqoxec
  2100 | D:3      | Noticed a hellwing
  2387 | D:4      | Noticed Ijyb
  2401 | D:4      | Killed Ijyb
  2693 | D:4      | Reached XP level 6. HP: 39/40 MP: 6/6
  2852 | D:4      | Reached skill level 5 in Fighting
  3113 | D:5      | Entered Level 5 of the Dungeon
  3115 | D:5      | Noticed a slave
  3116 | D:5      | Noticed a slave
  3116 | D:5      | Noticed a sky beast
  3117 | D:5      | Noticed Pikel
  3118 | D:5      | Noticed a slave
  3118 | D:5      | Noticed a slave
  3118 | D:5      | Noticed a phantom
  3126 | D:4      | Reached XP level 7. HP: 16/44 MP: 7/7
  3549 | D:5      | Reached skill level 6 in Fighting
  3549 | D:5      | Reached skill level 5 in Maces & Flails
  3555 | D:5      | Noticed Sigmund
  3559 | D:5      | Killed Sigmund
  3559 | D:5      | Reached skill level 5 in Armour
  3559 | D:5      | Reached skill level 5 in Shields
  3559 | D:5      | Reached XP level 8. HP: 40/52 MP: 8/8
  3569 | D:5      | Slain by a slave

Vault maps used:
D:1:      dpeg_arrival_tiny_a, minmay_hexomino_c4
D:2:      grunt_dithmenos_smoke
D:3:      nrook_uturn, makhleb_altar_promises_db
D:4:      first_ration, uniq_ijyb
D:5:      serial_shops, kennysheep_little_box, uniq_duvessa, uniq_grinder,
          uniq_pikel, uniq_sigmund

Skill      XL: |  1  2  3  4  5  6  7 |
---------------+----------------------+-----
Fighting       | 4 5 6 |  6.4
Maces & Flails | 3 4 5 |  5.4
Armour         | 4 5 |  5.0
Shields        | 4 5 |  5.0

Action                   |  1- 3 |  4- 6 |  7- 9 || total
-------------------------+-------+-------+-------++-------
Melee: Flail             |   140 |   198 |    64 ||   402
  Use: Scroll            |     3 |     4 |     1 ||     8
       Potion            |     3 |     2 |     1 ||     6
  Eat: Chunk             |     1 |     7 |     1 ||     9
Armor: Scale mail        |   120 |   116 |    67 ||   303
Dodge: Dodged            |    78 |    75 |    24 ||   177
Block: Shield            |   106 |   112 |    34 ||   252

Table legend:
 A = Non-vault XP
 B = Vault XP
 C = Vault XP percentage of total XP
 D = Non-vault monster count
 E = Vault monster count
 F = Vault count percentage of total count
                 A         B        C        D         E       F
            +---------+---------+-------+---------+---------+-------
      Total |     946 |     273 |  22.4 |      83 |       8 |   8.8
            +---------+---------+-------+---------+---------+-------
        D:1 |      35 |      10 |  22.2 |      21 |       6 |  22.2
        D:2 |     119 |       0 |   0.0 |      22 |       0 |   0.0
        D:3 |      37 |       0 |   0.0 |      14 |       0 |   0.0
        D:4 |     284 |      36 |  11.2 |      18 |       1 |   5.3
        D:5 |     471 |     227 |  32.5 |       8 |       1 |  11.1
            +---------+---------+-------+---------+---------+-------
